 Dungeon Crawl Stone Soup version 0.17.2-1-ge4368a0 (webtiles) character file.

1215 Charly the Cleaver (level 8, -1/73 HPs)
             Began as a Deep Dwarf Gladiator on July 2, 2017.
             Was a Follower of Makhleb.
             Slain by a minotaur
             ... wielding a -1 rod of the swarm (4/13)
              (12 damage)
             ... in a labyrinth.
             The game lasted 00:23:02 (1175 turns).

Charly the Cleaver (Deep Dwarf Gladiator)           Turns: 1175, Time: 00:23:03

Health: -1/73      AC:  8    Str: 23    XL:     8   Next: 22%
Magic:  2/2        EV: 17    Int: 12    God:    Makhleb [*.....]
Gold:   24         SH:  0    Dex: 20    Spells: 0 memorised, 7 levels left

rFire  . . .     SeeInvis .     a - +0 war axe
rCold  . . .     Clarity  .     s - +1 scale mail "Gebruos" {rElec}
rNeg   . . .     SustAt   .     (no shield)
rPois  +         Gourm    .     c - +0 helmet
rElec  +         Spirit   .     (no cloak)
rCorr  .         Warding  .     (no gloves)
rMut   .         Stasis   .     (no boots)
MR     +....                    (no amulet)
Stlth  +.........               k - ring of poison resistance
                                h - +2 ring of intelligence

@: mighty, agile, non-regenerating, somewhat resistant to hostile enchantments,
very unstealthy
A: damage resistance, recharge devices, sense surroundings 1, slow regeneration
3
a: Device Recharging, Renounce Religion


You were in a labyrinth.
You worshipped Makhleb.
Makhleb was aware of your devotion.
You were very hungry.

You visited 3 branches of the dungeon, and saw 12 of its levels.
You also visited: Labyrinth.

You collected 24 gold pieces.

Inventory:

Hand Weapons
 a - a +0 war axe (weapon)
Armour
 b - a +0 leather armour
 c - a +0 helmet (worn)
 r - a +0 chain mail
 s - the +1 scale mail "Gebruos" (worn) {rElec}
   (You found it on level 1 of the Lair of Beasts)

   It insulates you from electricity.
Jewellery
 h - a +2 ring of intelligence (left hand)
 k - a ring of poison resistance (right hand)
Wands
 e - a wand of heal wounds (2)
 g - a wand of polymorph (0)
 u - a wand of confusion (21)
Scrolls
 i - a scroll of remove curse {unknown}
 m - a scroll of fog {unknown}
 o - a scroll of enchant weapon {unknown}
 p - a scroll of teleportation {unknown}
Potions
 q - a potion of brilliance {unknown}
Miscellaneous
 t - a lamp of fire (inert)
Comestibles
 f - a bread ration


   Skills:
 + Level 4.5 Fighting
 + Level 9.7 Axes
 - Level 1.7 Throwing
 + Level 1.4 Armour
 - Level 3.2 Dodging
 + Level 1.6 Evocations


You had 7 spell levels left.
You didn't know any spells.

Dungeon Overview and Level Annotations

Branches:
Dungeon (10/15)            Temple (1/1) D:4            Lair (1/8) D:8
    Orc: D:9-12

Altars:
Ashenzari
Cheibriados
Elyvilon
Fedhas
Kikubaaqudgha
Makhleb
Qazlal
Sif Muna
Trog
Vehumet
Xom
Yredelemnul
Zin
The Shining One

Shops:
D:8 *   D:9 !

Annotations:
D:2 Terence


Innate Abilities, Weirdness & Mutations

You are resistant to damage.
You can recharge devices by infusing magical energy.
You passively map a small area around you.
You do not regenerate naturally.


Message History

Zapping:
e - a wand of heal wounds (3)
Press: ? - help, Shift-Dir - straight line, f - you You feel much better.
This wand has 2 charges left.
The minotaur hits you but does no damage.
The minotaur gores you.
You hit the minotaur but do no damage.
The minotaur is severely wounded.
The minotaur hits you with a rod of the swarm!!
The minotaur gores you but does no damage.
You hit the minotaur but do no damage.
The minotaur is severely wounded.
The minotaur hits you with a rod of the swarm!!
* * * LOW HITPOINT WARNING * * *
The minotaur misses you.
You hit the minotaur.
The minotaur is severely wounded.
The minotaur hits you with a rod of the swarm!
* * * LOW HITPOINT WARNING * * *
The minotaur gores you!
You die...

. #.# #
..# # #..
▓ #.#.##
▓≈ .#.#..
# ▓≈<.
'.###.###
#H#.....#
#@.# ##
#...# # .
. ..#.# #
.....#...#
# # #
#######.#
##### #
#.# . # #
# .#. .
#.. ....#
.## ## ##
# #


You could see a minotaur.

Vanquished Creatures
  A water moccasin (Lair:1)
  An ice beast (D:5)
  An ogre (D:9)
  A sky beast (D:8)
  A phantom (D:4)
  A centaur (D:7)
  A wasp (D:9)
  A giant frog (D:8)
  A crocodile (Lair:1)
  A scorpion (D:8)
  3 crimson imps
  3 hounds
  An orc priest (D:5)
  Ijyb (D:2)
  A hell rat (D:8)
  An iguana (D:4)
  3 worker ants
  2 adders
  A river rat (D:8)
  4 orcs (D:5)
  A bat (D:2)
  A giant cockroach (D:5)
  A goblin (D:2)
  4 quokkas (D:8)
  A giant newt (D:3)
  A kobold (D:3)
  2 rats (D:8)
41 creatures vanquished.

Notes
Turn   | Place    | Note
--------------------------------------------------------------
     0 | D:1      | Charly the Deep Dwarf Gladiator began the quest for the Orb.
     0 | D:1      | Reached XP level 1. HP: 19/19 MP: 1/1
    23 | D:2      | Noticed Ijyb
    46 | D:2      | Reached skill level 4 in Axes
    46 | D:2      | Reached XP level 2. HP: 26/26 MP: 2/2
    73 | D:2      | Killed Ijyb
    73 | D:2      | Reached XP level 3. HP: 27/32 MP: 3/3
   118 | D:2      | Noticed Terence
   137 | D:2      | You fall through a shaft for 2 floors!
   137 | D:4      | Noticed a phantom
   153 | D:4      | Reached skill level 5 in Axes
   169 | D:4      | Reached XP level 4. HP: 17/39 MP: 4/4
   185 | D:4      | Killed a phantom
   185 | D:4      | Reached skill level 6 in Axes
   185 | D:4      | Reached XP level 5. HP: 40/45 MP: 5/5
   198 | D:4      | Found a glowing golden altar of the Shining One.
   219 | D:4      | Found a staircase to the Ecumenical Temple.
   238 | Temple   | Entered the Ecumenical Temple
   252 | Temple   | Became a worshipper of Makhleb the Destroyer
   305 | D:5      | Entered Level 5 of the Dungeon
   329 | D:5      | Reached skill level 7 in Axes
   341 | D:5      | Noticed an ice beast
   366 | D:5      | Reached XP level 6. HP: 28/52 MP: 5/5
   376 | D:5      | Killed an ice beast
   376 | D:5      | Reached skill level 8 in Axes
   454 | D:7      | Reached XP level 7. HP: 21/61 MP: 6/6
   458 | D:7      | Found a snail-covered altar of Cheibriados.
   513 | D:9      | Found Fiabbuv's Distillery.
   532 | D:10     | Entered Level 10 of the Dungeon
   532 | D:10     | Noticed a troll
   591 | D:9      | Reached skill level 9 in Axes
   629 | D:8      | Found Hamonn's Assorted Antiques.
   675 | D:8      | Found a staircase to the Lair.
   691 | D:8      | Reached * piety under Makhleb
   691 | D:8      | Reached XP level 8. HP: 29/72 MP: 6/6
   732 | Lair:1   | Entered Level 1 of the Lair of Beasts
   745 | Lair:1   | Got a transparent scale mail
   756 | Lair:1   | Identified the +1 scale mail "Gebruos" {rElec} (You found it on level 1 of the Lair of Beasts)
   794 | Lair:1   | Reached skill level 1 in Armour
   794 | Lair:1   | Reached skill level 1 in Evocations
   806 | Lair:1   | Found a labyrinth entrance.
   816 | Lair:1   | Noticed a polar bear
   820 | Lab      | Entered a labyrinth
  1122 | Lab      | Noticed a minotaur
  1132 | Lab      | murphy: hi
  1132 | Lab      | murphy: got a question: do moth of wrath zerk monsters if u are invis?
  1132 | Lab      | Charly: hi
  1132 | Lab      | Charly: probably not
  1132 | Lab      | Charly: Im not sure though
  1134 | Lab      | murphy: ok thx
  1175 | Lab      | Identified a -1 rod of the swarm (4/13)
  1175 | Lab      | Slain by a minotaur

Action                   |  1- 3 |  4- 6 |  7- 9 || total
-------------------------+-------+-------+-------++-------
Melee: War axe           |    47 |    49 |   118 ||   214
       Unarmed           |    10 |       |       ||    10
Throw: Throwing net      |     4 |     4 |     8 ||    16
 Abil: Device Recharging |       |     1 |     6 ||     7
Evoke: Wand              |     2 |     5 |    29 ||    36
       Lamp of fire      |       |       |     1 ||     1
  Use: Scroll            |       |       |     1 ||     1
       Potion            |       |       |     3 ||     3
 Stab: Confused          |     1 |       |     1 ||     2
       Held in net/web   |     1 |     1 |     3 ||     5
